 Dungeon Crawl Stone Soup version 0.31-a0-1343-gcd514f47d3 (webtiles) character file.

Game seed: 3423816304577837725

4 James the Protected (level 1, -3/13 HPs)
             Began as a Gnoll Wanderer on Dec 22, 2023.
             Slain by a hobgoblin
             ... wielding a +0 dagger
              (4 damage)
             ... on level 1 of the Dungeon.
             The game lasted 00:01:30 (40 turns).

James the Protected (Gnoll Wanderer)                  Turns: 40, Time: 00:01:31

Health: -3/13      AC: 10    Str: 12    XL:     1   Next: 60%
Magic:  4/4        EV: 10    Int: 10    God:
Gold:   0          SH:  0    Dex: 11    Spells: 5/5 levels left

rFire   . . .        e - +0 hand axe
rCold   . . .        (no shield)
rNeg    . . .        d - +2 scale mail
rPois   .            (no helmet)
rElec   .            (no cloak)
rCorr   .            (no gloves)
SInv    .            (no boots)
Will    .....        (no amulet) Stlth
                     (no ring)
HPRegen 0.22/turn    (no ring)
MPRegen 0.09/turn

%: no passive effects
@: no status effects
A: fangs 1, strong nose, distributed training
a: no special abilities


You were on level 1 of the Dungeon.
You visited 1 branch of the dungeon, and saw 1 of its levels.

Inventory:

Hand Weapons
 a - a +0 club
 e - a +0 hand axe (weapon)
   (You found it on level 1 of the Dungeon)
Armour
 d - a +2 scale mail (worn)
Scrolls
 c - a scroll of fear
Potions
 b - a potion of attraction {!q}


   Skills:
 + Level 0.1 Fighting
 + Level 0.1 Short Blades
 + Level 0.1 Long Blades
 + Level 0.1 Axes
 + Level 0.1 Maces & Flails
 + Level 0.1 Polearms
 + Level 0.1 Staves
 + Level 0.1 Ranged Weapons
 + Level 0.1 Throwing
 + Level 8.4 Armour
 + Level 4.4 Dodging
 + Level 2.2 Stealth
 + Level 0.1 Shields
 + Level 0.1 Unarmed Combat
 + Level 2.6 Spellcasting
 + Level 0.1 Conjurations
 + Level 0.1 Hexes
 + Level 0.1 Summonings
 + Level 0.1 Necromancy
 + Level 2.0 Translocations
 + Level 0.1 Fire Magic
 + Level 0.1 Ice Magic
 + Level 0.1 Air Magic
 + Level 0.1 Earth Magic
 + Level 0.1 Alchemy
 + Level 2.4 Invocations
 + Level 0.1 Evocations
 + Level 0.1 Shapeshifting


You had 5 spell levels left.
You didn't know any spells.
Your spell library contained the following spells:

 Spells                   Type           Power      Damage    Failure   Level
 Lesser Beckoning         Tloc           10%        N/A       63%         2
 Momentum Strike          Conj/Tloc      6%         3d8       75%         2


Dungeon Overview and Level Annotations

Branches:
Dungeon (1/15)

Altars:


Innate Abilities, Weirdness & Mutations

You have very sharp teeth.
Your uncanny sense of smell can sniff out nearby items.
Your experience applies equally to all skills.


Message History

The kobold splashes around in the water.
You closely miss the kobold. The kobold hits you with a +0 dagger.
A kobold comes into view. It is wielding a +0 club.
The kobold hits you but does no damage.
You hit the kobold.
You kill the kobold!
You hear a splash. x2
The kobold throws a stone.
The stone barely misses you. The kobold closely misses you.
You barely miss the kobold. The kobold closely misses you.
You hit the kobold.
You kill the kobold!
Things that are here:
a +0 club; a stone; a kobold corpse A rat, a frilled lizard and a hobgoblin come into view.
The rat squeaks loudly.
The frilled lizard hisses angrily.
The hobgoblin shouts!
The frilled lizard moves out of view.
Found a stone staircase leading down.
The frilled lizard barely misses you.
You barely miss the frilled lizard.
You bite the frilled lizard, but do no damage.
The frilled lizard bites you but does no damage.
You miss the frilled lizard. The frilled lizard closely misses you.
The hobgoblin hits you but does no damage.
The frilled lizard misses you.
You hit the frilled lizard.
You kill the frilled lizard!
You hit the hobgoblin but do no damage.
The hobgoblin hits you with a +0 dagger.
You hit the hobgoblin. Your bite misses the hobgoblin.
You hit the rat but do no damage.
The hobgoblin hits you but does no damage.
The rat bites you but does no damage.
You barely miss the hobgoblin. You hit the rat. The rat barely misses you.
The hobgoblin hits you with a +0 dagger.
The rat barely misses you.
The hobgoblin hits you with a +0 dagger.
* * * LOW HITPOINT WARNING * * *
You closely miss the hobgoblin. Your bite misses the hobgoblin.
You hit the rat.
You kill the rat!
The hobgoblin hits you with a +0 dagger.
* * * LOW HITPOINT WARNING * * *
Your Translocations skill increases to level 2!
You barely miss the hobgoblin. Your bite misses the hobgoblin.
The hobgoblin hits you but does no damage.
You aren't carrying any items that you can evoke.
You closely miss the hobgoblin. Your bite misses the hobgoblin.
The hobgoblin hits you with a +0 dagger.
You die...

........# #....##+# #.#
##''## ..# #....# ..##
#....####### ..#
........~~≈###.#
#........~≈≈≈#.##
....~##...~~~~$.######..
#...##~.....~~).@g......
~##..~~~..#).~..#†......
~~....##~.##...##.......
#~.##.....###### .......
... ......# ....... .
..####.. ....... ###
#### >...... #######


You could see a hobgoblin.

Vanquished Creatures
  2 kobolds (D:1)
  A frilled lizard (D:1)
  A rat (D:1)
4 creatures vanquished.

Notes
Turn   | Place    | Note
-------+----------+-------------------------------------------
     0 | D:1      | James the Gnoll Wanderer began the quest for the Orb.
     0 | D:1      | James set off with the following items: a +0 club, a potion
                  | of attraction {!q}, a scroll of fear, a +2 scale mail; and
                  | the following spells available to memorise: Lesser
                  | Beckoning, Momentum Strike.
     0 | D:1      | Reached XP level 1. HP: 13/13 MP: 4/4
    40 | D:1      | Slain by a hobgoblin

Illustrated notes

Levels and vault maps discovered:
D:1:      denvon_arrival_waterhouse, layout_basic,
          dreamdust_ecumenical_altar_statues, grunt_decor_junction,
          minmay_tromino_i4

Skill      XL: |  1 |
---------------+----+-----
Translocations | 2 |  2.0
Fighting       | |  0.1
Short Blades   | |  0.1
Long Blades    | |  0.1
Axes           | |  0.1
Maces & Flails | |  0.1
Polearms       | |  0.1
Staves         | |  0.1
Ranged Weapons | |  0.1
Throwing       | |  0.1
Armour         | |  8.4
Dodging        | |  4.4
Stealth        | |  2.2
Shields        | |  0.1
Unarmed Combat | |  0.1
Spellcasting   | |  2.6
Conjurations   | |  0.1
Hexes          | |  0.1
Summonings     | |  0.1
Necromancy     | |  0.1
Fire Magic     | |  0.1
Ice Magic      | |  0.1
Air Magic      | |  0.1
Earth Magic    | |  0.1
Alchemy        | |  0.1
Invocations    | |  2.4
Evocations     | |  0.1
Shapeshifting  | |  0.1

Action                     || total
---------------------------++-------
  Melee: Hand axe          ||    15
         Bite              ||     1
 Armour: Scale mail        ||    14
  Dodge: Dodged            ||    11

Table legend: (Time is in decaauts)
 A = Elapsed time spent in this place.
 B = Non-inter-level travel time spent in this place.
 C = Inter-level travel time spent in this place.
 D = Time resting spent in this place.
 E = Time spent auto-exploring this place.
 F = Levels seen in this place.
 G = Mean time per level.
                   A        B        C        D        E       F      G
               +--------+--------+--------+--------+--------+-----+--------+
         Total |     43 |     43 |      0 |      0 |      3 |   1 |   43.0 |
       Dungeon |     43 |     43 |      0 |      0 |      3 |   1 |   43.0 |
               +--------+--------+--------+--------+--------+-----+--------+

Top non-repeatable levels by time:
     D:1: 43 daAuts
